 Dungeon Sprint DCSS version 0.21.0-24-g2553a33 (webtiles) character file.

2734 letownia2 the Grappler (level 9, -7/87 HPs)
             Began as a Troll Wizard on Jan 20, 2018.
             Was an Initiate of Gozag.
             Mangled by a sixfirhy (9 damage)
             ... summoned by an orc high priest
             ... in the Dungeon (Sprint III: "The Ten Rune Challenge").
             The game lasted 00:05:43 (674 turns).

letownia2 the Grappler (Troll Wizard)                Turns: 674, Time: 00:05:44

Health: -7/87      AC:  5    Str: 17    XL:     9   Next: 40%
Magic:  5/16       EV:  9    Int: 17    God:    Gozag
Gold:   964        SH:  0    Dex:  8    Spells: 8/19 levels left

rFire    . . .     SeeInvis .     - Unarmed
rCold    . . .     Gourm    +   (no shield)
rNeg     . . .     Faith    .   a - +0 robe
rPois    .         Spirit   .   b - +0 hat
rElec    .         Reflect  .   (no cloak)
rCorr    .         Harm     .   (gloves unavailable)
MR       .....     NoTele   +   (boots unavailable)
Stlth    +.........             (no amulet)
HPRegen  0.64/turn              (no ring)
MPRegen  0.15/turn              (no ring)

@: no status effects
A: large, unfitting armour, claws 3, fast metabolism 3, gourmand, regeneration
1, shaggy fur 1, tough skin 2
a: Potion Petition, Call Merchant, Bribe Branch, Renounce Religion


You were in the Dungeon.
You worshipped Gozag.
Gozag was pleased with you.
You were not hungry.

You visited 1 branch You collected 964 gold pieces.

Inventory:

Armour
 a - a +0 robe (worn)
 b - a +0 hat (worn)
Wands
 q - a wand of flame (25)
Scrolls
 j - a scroll of blinking
 k - 4 scrolls of remove curse
 m - 3 scrolls of torment {unknown}
 n - 3 scrolls of identify
Potions
 e - a potion of curing
 f - 2 potions of heal wounds
 g - a potion of haste
 h - 2 potions of magic
 l - 3 potions of mutation {unknown}
 o - 2 potions of lignification {unknown}
 p - 2 potions of flight {unknown}
Books
 c - a book of Minor Magic

   Spells                             Type                      Level
   a - Magic Dart                     Conjuration                  1
   b - Blink                          Translocation                2
   c - Call Imp                       Summoning                    2
   d - Slow                           Hexes                        2
   e - Conjure Flame                  Conjuration/Fire             3
   f - Mephitic Cloud                 Conjuration/Poison/Air       3
 r - a book of Cantrips

   Spells                             Type                      Level
   a - Confusing Touch                Hexes                        1
   b - Animate Skeleton               Necromancy                   1
   c - Summon Small Mammal            Summoning                    1
   d - Apportation                    Translocation                1
Miscellaneous
 i - a box of beasts
Comestibles
 d - 5 rations


   Skills:
 - Level 4.8 Fighting
 - Level 1.5 Dodging
 - Level 1.0 Stealth
 + Level 14.3 Unarmed Combat
 - Level 5.6 Spellcasting
 - Level 5.0 Conjurations
 - Level 4.2 Hexes
   Level 0.6 Summonings
 - Level 2.6 Translocations
 - Level 2.4 Fire Magic
 - Level 3.1 Air Magic
 - Level 3.3 Poison Magic


You had 8 spell levels left.
You knew the following spells:

 Your Spells              Type           Power        Failure   Level  Hunger
a - Apportation           Tloc           ##....       4%          1    None
b - Blink                 Tloc           N/A          7%          2    #......
c - Conjure Flame         Conj/Fire      ###.....     9%          3    ##.....
d - Confusing Touch       Hex            ###...       2%          1    None
e - Mephitic Cloud        Conj/Pois/Air  ###.....     9%          3    ##.....
f - Magic Dart            Conj           ###.         1%          1    None


Dungeon Overview and Level Annotations

Branches:
Dungeon (1/1)

Altars:
Cheibriados
Dithmenos
Elyvilon
Fedhas
Gozag
Hepliaklqana
Kikubaaqudgha
Makhleb
Nemelex Xobeh
Okawaru
Qazlal
Ru
Sif Muna
Trog
Uskayaw
Vehumet
Wu Jian
Xom
Yredelemnul
Zin
The Shining One
Beogh
Jiyva
Lugonu


Innate Abilities, Weirdness & Mutations

You are too large for most types of armour.
You have claws for hands.
Your metabolism is lightning-fast.
You like to eat raw meat.
Your natural rate of healing is unusually fast.
You are covered in fur. (AC +1)
You have very tough skin. (AC +2)


Message History

The orc high priest prays to Beogh.
You mangle the orc high priest!!
The orc high priest is severely wounded.
The sixfirhy hits you. The sixfirhy shocks you!
The orc high priest hits you with a war axe.
* * * LOW HITPOINT WARNING * * *
The sixfirhy hits you!
* * * LOW HITPOINT WARNING * * *
The sixfirhy shocks you!
* * * LOW HITPOINT WARNING * * *
Unknown command.
Okay, then.
Okay, then.
You scratch the orc high priest but do no damage.
The orc high priest is severely wounded.
The sixfirhy hits you.
* * * LOW HITPOINT WARNING * * *
The sixfirhy shocks you!
You die...
Your body crumbles into a pile of gold.

▓▓▓▓▓▓▓▓▓ ▓▓▓
▓<..#...#### ##.####
▓...#......#####..#___
▓..##.......#..#..#..)
▓##.##.##...#..#..###'
##.##.###..##'#..#...
▓#.####4##..###...o.⌠.
▓.###@o##..####.o.#...
▓#...3.##$.###o...#.⌠.
###.)##...##.....#.).
##..##....#......#'##
#..###..##.#.....#...
#..# #..#####....#___
▓▓▓▓ ▓▓▓▓ ▓▓▓▓▓▓▓▓▓


You could see an orc high priest, an ice devil and a sixfirhy.

Vanquished Creatures
  Josephine (D)
  An orc knight (D)
  A deep elf mage (D)
  A shadow (D)
  A spatial vortex (D)
  2 orc warriors (D)
  A necrophage (D)
  A water elemental (D)
  A jelly (D)
  An orc wizard (D)
  3 orc priests (D)
  Jessica (D)
  A necromancer (D)
  A wizard (D)
  A kobold demonologist (D)
  3 humans (D)
  A wolf (D)
  3 orcs (D)
  3 rats (D)
28 creatures vanquished.

Vanquished Creatures (others)
  2 draconian scorchers (D)
  6 hellions (D)
  A yaktaur (D)
9 creatures vanquished.

Grand Total: 37 creatures vanquished

Notes
Turn   | Place    | Note
-------+----------+-------------------------------------------
     0 | D        | letownia2 the Troll Wizard began the quest for the Orb.
     0 | D        | Reached XP level 1. HP: 16/16 MP: 2/2
     8 | D        | Reached skill level 1 in Unarmed Combat
    20 | D        | Killed a yaktaur
    34 | D        | Reached skill level 2 in Unarmed Combat
    43 | D        | Noticed Jessica
    59 | D        | Killed Jessica
    59 | D        | Reached skill level 5 in Unarmed Combat
    59 | D        | Reached XP level 2. HP: 24/24 MP: 4/4
    87 | D        | Reached skill level 6 in Unarmed Combat
    87 | D        | Reached XP level 3. HP: 25/31 MP: 5/5
    99 | D        | Reached skill level 7 in Unarmed Combat
    99 | D        | Reached skill level 1 in Conjurations
   107 | D        | Learned a level 3 spell: Mephitic Cloud
   113 | D        | Killed a hellion
   114 | D        | Killed a hellion
   115 | D        | Killed a hellion
   143 | D        | Noticed a water elemental
   160 | D        | Killed a water elemental
   160 | D        | Reached skill level 8 in Unarmed Combat
   160 | D        | Reached XP level 4. HP: 21/39 MP: 6/6
   200 | D        | Killed a white draconian scorcher
   210 | D        | Found a glowing silver altar of Zin.
   211 | D        | Found a glowing golden altar of the Shining One.
   211 | D        | Found a white marble altar of Elyvilon.
   212 | D        | Noticed a deep elf mage
   224 | D        | Killed a deep elf mage
   224 | D        | Reached skill level 9 in Unarmed Combat
   224 | D        | Reached skill level 5 in Conjurations
   224 | D        | Reached XP level 5. HP: 53/54 MP: 4/9
   224 | D        | Reached XP level 6. HP: 60/62 MP: 4/10
   224 | D        | Reached XP level 7. HP: 66/68 MP: 4/11
   229 | D        | Learned a level 3 spell: Conjure Flame
   232 | D        | Learned a level 2 spell: Blink
   242 | D        | Killed a white draconian scorcher
   273 | D        | Reached skill level 1 in Translocations
   277 | D        | Noticed a shadow
   281 | D        | Killed a shadow
   281 | D        | Reached skill level 10 in Unarmed Combat
   305 | D        | Found a blossoming altar of Fedhas.
   305 | D        | Found a stormy altar of Qazlal.
   306 | D        | Found a snail-covered altar of Cheibriados.
   306 | D        | Found a burning altar of Makhleb.
   306 | D        | Found a hazy altar of Hepliaklqana.
   306 | D        | Found a shimmering altar of Xom.
   306 | D        | Found an opulent altar of Gozag.
   306 | D        | Found a sparkling altar of Nemelex Xobeh.
   306 | D        | Found a corrupted altar of Lugonu.
   306 | D        | Found a viscous altar of Jiyva.
   306 | D        | Noticed a spatial vortex
   314 | D        | Killed a spatial vortex
   314 | D        | Reached skill level 11 in Unarmed Combat
   316 | D        | Became a worshipper of Gozag Ym Sagoz the Greedy
   317 | D        | Killed a hellion
   328 | D        | Killed a hellion
   330 | D        | Found a basalt altar of Yredelemnul.
   330 | D        | Found a shadowy altar of Dithmenos.
   330 | D        | Found a sacrificial altar of Ru.
   354 | D        | Found a hide-covered altar of Uskayaw.
   354 | D        | Found an iron altar of Okawaru.
   355 | D        | Found a roughly hewn altar of Beogh.
   355 | D        | Found a bloodstained altar of Trog.
   355 | D        | Found an ornate altar of the Wu Jian Council.
   355 | D        | Noticed a human
   358 | D        | Noticed a human
   365 | D        | Killed a human
   365 | D        | Reached XP level 8. HP: 79/79 MP: 5/12
   378 | D        | Reached skill level 12 in Unarmed Combat
   410 | D        | Found a radiant altar of Vehumet.
   425 | D        | Found a deep blue altar of Sif Muna.
   425 | D        | Found an ancient bone altar of Kikubaaqudgha.
   464 | D        | Learned a level 1 spell: Confusing Touch
   466 | D        | Learned a level 1 spell: Apportation
   481 | D        | Noticed Josephine
   495 | D        | Killed Josephine
   495 | D        | Reached skill level 5 in Spellcasting
   495 | D        | Reached XP level 9. HP: 84/87 MP: 9/16
   521 | D        | Killed a hellion
   551 | D        | Reached skill level 13 in Unarmed Combat
   605 | D        | Noticed an orc knight
   607 | D        | Noticed an orc high priest
   642 | D        | Killed an orc knight
   642 | D        | Reached skill level 14 in Unarmed Combat
   673 | D        | Noticed a sixfirhy
   673 | D        | Noticed an ice devil
   674 | D        | HP: 2/87 [sixfirhy[an orc high priest] (4)]
   674 | D        | Mangled by a sixfirhy

Skill      XL: |  1  2  3  4  5  6  7  8  9 |
---------------+----------------------------+-----
Unarmed Combat | 5 6 8 9 11 12 14 | 14.3
Conjurations   | 3 5 |  5.0
Fighting       | 3 4 |  4.8
Spellcasting   | 3 5 |  5.6
Air Magic      | 3 |  3.1
Poison Magic   | 3 |  3.3
Translocations | 2 |  2.6
Fire Magic     | 2 |  2.4
Hexes          | 4 |  4.2
Dodging        | |  1.5
Stealth        | |  1.0
Summonings     | |  0.6

Action                   |  1- 3 |  4- 6 |  7- 9 || total
-------------------------+-------+-------+-------++-------
Melee: Unarmed           |    26 |     8 |    74 ||   108
       Punch             |     1 |       |     3 ||     4
 Cast: Mephitic Cloud    |       |     1 |    12 ||    13
       Conjure Flame     |       |       |     4 ||     4
       Blink             |       |       |     1 ||     1
  Use: Potion            |     1 |       |       ||     1
 Stab: Sleeping          |     1 |       |       ||     1
       Confused          |       |     3 |     5 ||     8
  Eat: Chunk             |     6 |       |     2 ||     8
Armor: Robe              |     2 |       |     5 ||     7
Dodge: Dodged            |     7 |     1 |     9 ||    17
